[Event "Early-Titled-Tuesday-Blitz-May-07-2024"]
[Site "Chess.com"]
[Date "2024.05.07"]
[Round "10"]
[White "thesupera12"]
[Black "Yan_Dyomin2010"]
[Result "1/2-1/2"]
[WhiteElo "2481"]
[BlackElo "2607"]
[TimeControl "180+1"]
[EndTime "10:04:25 PDT"]
[Termination "Game drawn - insufficient material"]

1. e4 c5 2. Nf3 Nc6 3. Bb5 Nf6 4.
Nc3 Qc7 5. O-O Nd4 6. Bc4 d6 7.
d3 a6 8. Nxd4 cxd4 9. Nd5 Nxd5 10. Bxd5 e6 11. Bb3 Be7 12. f4 O-O 13. a4 Bd7 14. Qh5 Rac8 15. f5 Bf6 16. Bg5 Bxg5 17.
Qxg5 Kh8 18. fxe6 Bxe6 19. Bxe6 fxe6 20. Rxf8+ Rxf8 21. Rc1 Qf7 22. h3 h6 23. Qg3 e5 24.
c4 dxc3 25. Rxc3 Qf1+ 26. Kh2 Rf7 27. Rc8+ Kh7 28. Rd8 Qf6 29. Rc8 Qe6 30. Rc2 Qb3 31. Rf2 Rxf2 32. Qxf2 Qe6 33. d4 exd4 34. Qxd4 Kg6 35.
Qb4 Qe5+ 36. Kh1 b5 37. axb5 axb5 38. Qd2 Kf6 39. Qf2+ Ke6 40. Qf8 Kd7 41. Qf7+ Kc6 42. b3 Kc5 43. Qc7+ Kb4 44. Qc2 Qd4 45. Kh2 h5 46. h4 Qe5+ 47. g3 Qd4 48. Kh3 Qe3 49.
Kh2 Qc3 50. Qe2 Qxb3 51. Qxh5 Qc2+ 52. Kh3 Qxe4 53. Qf7 Qe5 54. h5 d5 55. g4 d4 56.
Qf8+ Kb3 57. Qf7+ Kb2 58. Qf2+ Kc3 59. Qf3+ d3 60. Qc6+ Kd2 61. Qd7 b4 62. Kh4 b3 63.
Qb5 b2 64. Qxe5 b1=Q 65. Qxg7 Qh1+ 66. Kg5 Ke2 67. Qe5+ Kf2 68. Qf4+ Ke2 69. Qe5+ Kd2 70. h6 Kc2 71. Qc5+ Kd1 72. Kg6 d2 73. h7 Ke2 74. Qe5+ Kf2 75. h8=Q Qxh8 76. Qxh8 d1=Q 77. Qf6+ Kg3 78. g5 Qd3+ 79. Kh6 Qe3 80. Kh7 Kg4 81.
g6 Qh3+ 82. Kg8 Qh6 83. Qe6+ Kg5 84. Qe3+ Kxg6 85. Qxh6+ Kxh6 1/2-1/2

[Event "Early-Titled-Tuesday-Blitz-May-07-2024"]
[Site "Chess.com"]
[Date "2024.05.07"]
[Round "10"]
[White "DanielNaroditsky"]
[Black "tptagain"]
[Result "1-0"]
[WhiteElo "3070"]
[BlackElo "2925"]
[TimeControl "180+1"]
[EndTime "10:04:26 PDT"]
[Termination "DanielNaroditsky won on time"]

1. e4 c6 2. d4 d5 3. exd5 cxd5 4. Nf3 Nc6 5. Bb5 Nf6 6. c4 dxc4 7. Nc3 e6 8. O-O Be7 9. Bxc4 O-O 10. Bg5 h6 11. Bf4 b6 12. d5 Na5 13. Bb5 exd5 14.
Nd4 Bd7 15. Re1 Re8 16. Qf3 Bc5 17. Bxd7 Qxd7 18. Red1 Nc4 19. Nb3 Rad8 20. Nxc5 bxc5 21. b3 Ne5 22. Bxe5 Rxe5 23. Na4 d4 24. h3 Qe7 25. Rac1 a5 26. Nb2 Re2 27. Nd3 Rc8 28. Nxc5 Rxa2 29.
Re1 Qf8 30. Qf5 Rd8 31. Nd3 Ra3 32. Ne5 Rxb3 33. Nc6 Re8 34. Rxe8 Qxe8 35. Nxd4 Rb8 36.
Qxa5 Qe4 37. Nf3 Qf4 38. Re1 g6 39. Qa7 Kg7 40. g3 Qd6 41. Ne5 Rf8 42. Nf3 h5 43.
Ng5 Qd5 44. Ne6+ Kg8 45. Nxf8 Kxf8 46. Qa1 Qd6 47. Rd1 Qb6 48. Rb1 Qd6 49. Rc1 Kg7 50. Rd1 Qe6 51. Qd4 Qc6 52. Rd3 Qe6 53. Rf3 Qc6 54.
Kg2 Qe6 55. Qc3 Qd6 56. Qb2 Qc6 57. Qd4 Qe6 58. Qf4 Nd5 59. Qd2 Ne7 60. Qd3 Nf5 61.
Rf4 Ne7 62. Re4 Qc6 63. Qf3 Nf5 64. Rf4 Qxf3+ 65. Kxf3 Nh6 66. Ra4 g5 67. Ke4 Kg6 68.
Ra6+ f6 69. Ra5 Nf7 70. Kd5 Ne5 71. Ra3 g4 72. hxg4 hxg4 73. Ke4 Kg5 74. Ra8 Ng6 75. Rg8 f5+ 76. Kd4 Kf6 77. Re8 Kg5 78. Kd5 f4 79. Ke4 fxg3 80. fxg3 Kf6 81. Rg8 Kg5 82. Ra8 Kf6 83.
Ra5 1-0

[Event "Early-Titled-Tuesday-Blitz-May-07-2024"]
[Site "Chess.com"]
[Date "2024.05.07"]
[Round "10"]
[White "Doublekk14"]
[Black "UF_10"]
[Result "0-1"]
[WhiteElo "2358"]
[BlackElo "2503"]
[TimeControl "180+1"]
[EndTime "10:04:33 PDT"]
[Termination "UF_10 won on time"]

1. c4 e5 2. Nc3 Bb4 3. Qc2 Nc6 4.
e3 Nf6 5. d3 O-O 6. Bd2 d5 7.
cxd5 Nxd5 8. a3 Be7 9. Nf3 Be6 10. Be2 Kh8 11. O-O f6 12. Ne4 Qd7 13. Nc5 Bxc5 14. Qxc5 Rad8 15. b4 a6 16. Rac1 Nb6 17. Qc2 Bf5 18.
e4 Bg4 19. Be3 Rf7 20. Rfd1 Bxf3 21. Bxf3 Nd4 22. Bxd4 Qxd4 23. Qc5 g6 24. Bg4 Qd6 25. Be2 Kg7 26. Qxd6 Rxd6 27. Rc2 Rfd7 28. Rdc1 c6 29. f3 Rd4 30. Kf2 Nc8 31. Ke3 Nd6 32. f4 Kf7 33.
fxe5 fxe5 34. Rf1+ Ke7 35. Rc5 Nf7 36. h4 Kd6 37.
Bg4 Re7 38. Rc2 Nh6 39. Bh3 Nf7 40. Rcf2 Nd8 41. Rf6+ Kc7 42. Rf8 Kb6 43. Rh8 a5 44.
bxa5+ Kxa5 45. Rff8 Ne6 46. Ra8+ Kb6 47. Bxe6 Rxe6 48. Rad8 Rxd8 49. Rxd8 Re7 50. g4 Kc5 51. d4+ exd4+ 52. Rxd4 b5 53. Rd1 Ra7 54. Rd3 Kc4 55.
Rd4+ Kc5 56. Rd3 Re7 57. Kf4 Kc4 58. Re3 c5 59. Kg5 Kd4 60. Re1 Rxe4 61. Rd1+ Ke5 62.
Rc1 Rc4 63. Re1+ Kd6 64. h5 gxh5 65. gxh5 Rc3 66. Rd1+ Ke6 67. Re1+ Kf7 68. Rf1+ Kg7 69.
h6+ Kg8 70. Rf5 b4 71. axb4 cxb4 72. Rb5 b3 73. Rb8+ Kf7 74. Rb7+ Ke6 75. Rxh7 Rc5+ 76.
Kf4 Rb5 77. Rg7 b2 78. Rg6+ Kf7 79. Rg7+ Kf6 80. Rg8 b1=Q 81. h7 Qxh7 0-1

[Event "Early-Titled-Tuesday-Blitz-May-07-2024"]
[Site "Chess.com"]
[Date "2024.05.07"]
[Round "10"]
[White "nihalsarin"]
[Black "wonderfultime"]
[Result "1-0"]
[WhiteElo "3160"]
[BlackElo "3121"]
[TimeControl "180+1"]
[EndTime "10:04:42 PDT"]
[Termination "nihalsarin won by resignation"]

1. d4 d5 2. Nf3 Nf6 3. Bg5 Ne4 4.
Bh4 c6 5. e3 Qb6 6. Qc1 Bf5 7.
Nbd2 e6 8. Be2 Nd7 9. O-O Bg4 10. c4 Nxd2 11. Qxd2 Qb4 12. Qc2 dxc4 13. Bxc4 Bxf3 14. gxf3 Be7 15. a3 Qa5 16. Bg3 O-O 17. b4 Qh5 18. Be2 Rfc8 19. Rab1 Bh4 20. Qe4 Bxg3 21. hxg3 Qg6 22. Kg2 Nf6 23. Qh4 h6 24. Rfc1 a5 25. bxa5 Rxa5 26. Rxb7 Rxa3 27. Rb2 Qf5 28. Rc5 Qg6 29.
Rbc2 Nd7 30. R5c3 Rxc3 31. Rxc3 Qf6 32. Qe4 e5 33. dxe5 Nxe5 34. f4 Ng6 35. Ra3 Qd6 36.
Ra7 Qd5 37. Qxd5 cxd5 38. Rd7 Kf8 39. Rxd5 Ne7 40. Ra5 g6 41. Ra7 Rc2 42. Bf3 h5 43. e4 Rd2 44. Ra8+ Kg7 45. Ra3 Kf8 46. Kf1 Rb2 47.
Ke1 Rb1+ 48. Ke2 Rb2+ 49. Kf1 Rc2 50. Rd3 Rb2 51. e5 Rb4 52. Kg2 h4 53. Ba8 hxg3 54. fxg3 Nf5 55. Kh3 Ke7 56. Bc6 Rd4 57. Rb3 Kf8 58. Rb8+ Kg7 59. Rb3 Rd2 60. Be4 Nd4 61.
Rb7 Ne6 62. Kg4 Kf8 63. Rb8+ Ke7 64. Rb7+ Kf8 65. Rb6 Rd4 66. Bxg6 Nc5 67. Bf5 Kg7 68. Rc6 Na4 69. Rc7 Kf8 70. Kg5 Nb6 71. e6 fxe6 72. Bxe6 Ke8 73. Kf6 Kd8 74. Rc6 Nd5+ 75. Bxd5 Rxd5 76.
Re6 Kd7 77. g4 Rd4 78. Kf5 Rxf4+ 79. Kxf4 Kxe6 80. Kg5 1-0

[Event "Early-Titled-Tuesday-Blitz-May-07-2024"]
[Site "Chess.com"]
[Date "2024.05.07"]
[Round "10"]
[White "Yeritsyaan"]
[Black "KuzubovYuriy"]
[Result "1/2-1/2"]
[WhiteElo "2725"]
[BlackElo "2947"]
[TimeControl "180+1"]
[EndTime "10:04:48 PDT"]
[Termination "Game drawn - insufficient material"]

1. e4 e6 2. d3 d5 3. Nd2 Nc6 4.
Ngf3 Be7 5. g3 dxe4 6. Nxe4 Nf6 7. Nxf6+ Bxf6 8. Bg2 Bd7 9. O-O Ne7 10. d4 Bc6 11. c3 Bd5 12. Re1 Qd7 13. Bf4 c6 14. b3 Ng6 15. Be3 a5 16. c4 Bxf3 17.
Qxf3 O-O 18. Rad1 Ne7 19. h4 Rad8 20. h5 Nf5 21. d5 Nxe3 22. Rxe3 c5 23. h6 Bd4 24.
hxg7 Bxg7 25. Qh5 exd5 26. Rxd5 Qc7 27. Rxc5 Rd1+ 28. Kh2 Qd6 29. Rg5 h6 30. Rd5 Rxd5 31. Bxd5 b6 32. Re8 Qd7 33. Re4 Kh8 34. Rf4 f5 35. Rf3 f4 36. Rxf4 Rxf4 37. gxf4 Qd6 38. Kg3 Qf6 39. Qe8+ Bf8 40. Qd7 Bd6 41. Qg4 Qg7 42. f3 h5 43. Qxg7+ Kxg7 44. Kh4 Bxf4 45. Kxh5 Kf6 46. Kg4 Bd6 47. f4 Bc7 48. Kf3 Bd6 49. Ke4 Bc7 50. Bb7 Ke7 51. Bc8 Bd6 52. Bh3 Bc7 53.
f5 Bd6 54. Kd5 Bc5 55. Kc6 Kf6 56. Kd5 Ke7 57. Ke5 Bd6+ 58. Ke4 Ba3 59. Bf1 Kd6 60. Bd3 Bb2 61. Kf4 Bc3 62. Kg5 Ke7 63. Kg6 Bb2 64. Bc2 Bc3 65. Kg5 Bb2 66. Kf4 Kd6 67. Ke4 Bf6 68. Bd1 Bb2 69. Bh5 Bf6 70. Bf7 Bc3 71. Bd5 Bf6 72. Kd3 Kc5 73. Kc2 Kb4 74.
Be6 Ka3 75. Kd3 Kb4 76. Ke4 Kc5 77. Bd7 Kd6 78. Bb5 Kc5 79. Kf4 Kd6 80. Kg4 Ke7 81. Kh5 Bd4 82. Kg6 Bb2 83. Bc6 Kd6 84. f6 Kxc6 85. f7 Ba3 86. Kg7 a4 87. f8=Q Bxf8+ 88. Kxf8 axb3 89. axb3 Kc5 90. Ke7 Kb4 91. Kd6 Kxb3 92.
c5 bxc5 93. Kxc5 1/2-1/2

[Event "Early-Titled-Tuesday-Blitz-May-07-2024"]
[Site "Chess.com"]
[Date "2024.05.07"]
[Round "10"]
[White "Nemegejas"]
[Black "MokshAD1603"]
[Result "1/2-1/2"]
[WhiteElo "2815"]
[BlackElo "2637"]
[TimeControl "180+1"]
[EndTime "10:05:08 PDT"]
[Termination "Game drawn by repetition"]

1. d4 Nf6 2. Nf3 d5 3. e3 Bf5 4.
c4 c6 5. Qb3 Qb6 6. cxd5 Nxd5 7. Bd2 Qxb3 8. axb3 e6 9. Nc3 Nb4 10. Ra4 Bc2 11. Ra3 Nd3+ 12. Bxd3 Bxd3 13. Ra1 Na6 14. Kd1 Nb4 15. Ne1 Ba6 16. Ne4 O-O-O 17. Bxb4 Bxb4 18. Rxa6 bxa6 19. Nd3 a5 20. Kc2 Kc7 21. Ra1 Rb8 22. Ne5 f6 23. Nc4 Rb5 24. Nc3 Rh5 25. h3 Rb8 26.
Ne2 Rhb5 27. Nc1 c5 28. Ne2 Rd8 29. Nf4 Re8 30. d5 exd5 31. Nxd5+ Kc6 32. Nf4 Rd8 33. Nh5 Rd7 34. Nf4 Rb8 35. Ne2 Rbd8 36. Nc3 a6 37.
Ne4 Re7 38. Nc3 f5 39. g3 g5 40. Ne2 h5 41. h4 gxh4 42. gxh4 Kc7 43. Nf4 Red7 44.
Rf1 Rg8 45. Nxh5 Rg2 46. Nf4 Rh2 47. h5 Rh7 48. Ne5 c4 49. Nf3 cxb3+ 50. Kxb3 R2xh5 51. Nxh5 Rxh5 52. Nd4 Kb6 53. Kc4 Bc5 54. Ne6 Bd6 55.
b3 Be5 56. Kd5 Bf6 57. Nf4 Rh7 58. Ke6 Bh4 59. Kxf5 Kb5 60. Nd3 Rd7 61. Ke4 Re7+ 62. Kf3 Rd7 63. Ke2 Rc7 64. Kd2 Bf6 65. f4 Bc3+ 66. Ke2 Re7 67. Rc1 Bd4 68. Rc4 Bxe3 69. Kf3 Bd2 70. Rc5+ Kb6 71. Rd5 Bc3 72. Kg4 Re2 73. f5 Rg2+ 74. Kf3 Rg1 75. Kf2 Rb1 76. Nc5 Bd4+ 77. Rxd4 Kxc5 78. Rd3 Rb2+ 79. Kg3 Rb1 80. f6 Rf1 81. Rf3 Rg1+ 82. Kf2 Rg8 83. f7 Rf8 84. Ke2 Kb4 85. Kd3 Kxb3 86. Kd4+ Kb4 87. Ke5 a4 88. Rf4+ Kb3 89. Rf3+ Kb4 90. Rf4+ Kb3 91. Rf3+ Kb2 92. Rf2+ Ka3 93. Kd6 Kb3 94. Ke7 Rxf7+ 95. Kxf7 a3 96. Rf3+ Kb2 97. Rf2+ Kb3 98. Rf3+ Kb2 99. Rf2+ Kb3 1/2-1/2

[Event "Early-Titled-Tuesday-Blitz-May-07-2024"]
[Site "Chess.com"]
[Date "2024.05.07"]
[Round "10"]
[White "Evan_Attaker"]
[Black "Mops_2004"]
[Result "1/2-1/2"]
[WhiteElo "2634"]
[BlackElo "2802"]
[TimeControl "180+1"]
[EndTime "10:05:39 PDT"]
[Termination "Game drawn by repetition"]

1. Nf3 d5 2. c4 c6 3. d4 Nf6 4. Nc3 e6 5. g3 dxc4 6. a4 c5 7. Bg2 Nc6 8. Ne5 cxd4 9. Nxc6 bxc6 10. Ne4 Bb4+ 11. Bd2 Bxd2+ 12. Qxd2 O-O 13. Rc1 Ba6 14.
Nc5 Qb6 15. Nxa6 Qxa6 16. Qxd4 Rab8 17. O-O Rfd8 18. Qxc4 Qxc4 19. Rxc4 Rxb2 20. e3 h5 21. Rxc6 Rdd2 22. Bf3 g5 23. Ra6 g4 24. Bg2 Nd7 25.
Rxa7 Nc5 26. a5 Ra2 27. h3 Nd3 28. hxg4 hxg4 29. Rd7 Rxa5 30. Be4 Ra3 31. Rb1 Nxf2 32. Rxd2 Nxe4 33. Rd8+ Kg7 34. Rb4 Rxe3 35. Rdd4 Rxg3+ 36. Kh2 Rh3+ 37. Kg2 Rg3+ 38. Kh2 f5 39. Rxe4 Rh3+ 40. Kg2 fxe4 41. Rxe4 Kf6 42. Rxg4 Rb3 43. Ra4 Rb5 44. Kf2 Rf5+ 45. Ke2 Re5+ 46. Kf2 Rf5+ 47. Ke2 Rg5 48. Kf2 Kf5 49. Ke2 e5 50. Ra3 Rg2+ 51. Kf1 Rc2 52.
Ke1 Kf4 53. Rb3 Rg2 54. Ra3 Rg1+ 55. Kf2 Rb1 56. Ke2 Rb2+ 57. Ke1 Rc2 58. Kd1 Rf2 59. Ke1 Rf3 60. Ra4+ e4 61. Ra8 Rg3 62. Ra7 Rg2 63. Kf1 Rc2 64. Ra3 Rd2 65. Ke1 Rg2 66. Rh3 Rc2 67.
Ra3 Rc5 68. Rh3 Rg5 69. Ra3 Rg1+ 70. Ke2 Rb1 71. Rh3 Rb2+ 72. Ke1 Kg4 73. Ra3 Rc2 74. Rb3 Rh2 75. Ra3 Kf4 76. Rb3 Ke5 77. Ra3 Rc2 78. Rb3 Rb2 79. Rh3 Kd4 80. Ra3 Rb4 81. Rh3 Rb1+ 82.
Ke2 Rb2+ 83. Ke1 Ra2 84. Rb3 Ke5 85. Rc3 Kf4 86. Rb3 Rg2 87. Rc3 Rb2 88. Ra3 Rb1+ 89. Ke2 Rb6 90. Ke1 Rg6 91. Rc3 Rg2 92. Rb3 Rc2 93.
Ra3 e3 94. Ra8 Rc1+ 95. Ke2 Rc2+ 96. Ke1 Rc5 97. Rf8+ Ke4 98. Re8+ Kd4 99. Rd8+ Ke4 100. Re8+ Re5 101. Rh8 Rd5 102. Re8+ Kd3 103. Ra8 Rc5 104. Rd8+ Ke4 105. Re8+ 1/2-1/2

[Event "Early-Titled-Tuesday-Blitz-May-07-2024"]
[Site "Chess.com"]
[Date "2024.05.07"]
[Round "10"]
[White "IMchanged"]
[Black "Zarinur"]
[Result "1/2-1/2"]
[WhiteElo "2764"]
[BlackElo "2565"]
[TimeControl "180+1"]
[EndTime "10:05:51 PDT"]
[Termination "Game drawn by 50-move rule"]

1. d4 Nf6 2. Nc3 d5 3. Bf4 e6 4. e3 a6 5. Bd3 h6 6. Nf3 c5 7.
dxc5 Bxc5 8. O-O Nc6 9. e4 O-O 10.
e5 Nd7 11. Qd2 f5 12. h4 Qe7 13. Ne2 Bb6 14. c3 Nc5 15. Be3 Bd7 16. Nf4 Be8 17.
h5 Ne4 18. Qe2 Bc7 19. Bd4 Bf7 20. g3 b5 21. Kg2 b4 22. Rfc1 bxc3 23. bxc3 Ba5 24.
Nh4 Qa3 25. Rab1 Nxc3 26. Bxc3 Bxc3 27. Qc2 d4 28. Qe2 Nb4 29. Bc4 Rac8 30. Bb3 Qa5 31.
Nxe6 Rfe8 32. Nxg7 Bxb3 33. Nxe8 Qd5+ 34. Kh2 Rxe8 35. axb3 d3 36. Qf3 Qxf3 37. Nxf3 Bxe5 38. Re1 Nc6 39. Nxe5 Rxe5 40. Kg2 Rd5 41. Rbd1 Nb4 42. Re8+ Kf7 43. Rh8 Kg7 44. Rb8 a5 45. Rb6 Rd4 46. Re1 Nd5 47. Rg6+ Kf7 48. Rxh6 d2 49. Ra1 Nc3 50. Ra6 d1=Q 51. Rxd1 Nxd1 52. Rxa5 Kf6 53.
h6 Rd2 54. h7 Rxf2+ 55. Kg1 Kg7 56. Ra7+ Kh8 57. b4 Rb2 58. Rb7 Ne3 59. b5 Rg2+ 60. Kh1 Rxg3 61. b6 Rg2 62. Re7 f4 63. b7 Rb2 64. Re8+ Kxh7 65. b8=Q Rxb8 66. Rxb8 Kg6 67. Rb5 Nf5 68. Kg2 Kf6 69. Ra5 Ke6 70. Kf3 Nd6 71. Kxf4 Kd7 72. Rh5 Kc6 73. Ke5 Kc5 74. Rh8 Nc4+ 75.
Ke4 Nd6+ 76. Kd3 Kd5 77. Rh5+ Kc6 78. Kd4 Nb5+ 79. Ke5 Kc5 80. Rh1 Kc4 81. Rc1+ Nc3 82. Rc2 Kd3 83. Rh2 Kc4 84. Rh4+ Kd3 85. Rd4+ Ke3 86.
Rc4 Kd3 87. Rc8 Ne2 88. Rd8+ Ke3 89. Ra8 Nc3 90. Ra3 Kd3 91. Ra1 Kc4 92. Kd6 Kd3 93. Kc6 Kd4 94. Rh1 Ne4 95. Rh4 Ke3 96. Kd5 Nc3+ 97.
Kc5 Ne4+ 98. Kc4 Nd2+ 99. Kc3 Ne4+ 100. Kc2 Kd4 101. Kd1 Ke5 102. Ke2 Kf5 103. Ke3 Ng5 104. Rf4+ Kg6 105. Rf1 Kg7 106. Kd4 Kg6 107. Ke5 Nf7+ 108. Kf4 Kf6 109. Ra1 Ke6 110. Ra6+ Nd6 111. Ra5 Nf7 112. Rh5 Nd6 113. Kf3 Nf7 114. Ke3 Nd6 115. Kd4 Nf5+ 116. Ke4 Nd6+ 117. Kf4 Nf7 118. Rh7 Nd6 119. Rh6+ Kd5 120. Ke3 Nc4+ 121. Kd3 1/2-1/2

[Event "Early-Titled-Tuesday-Blitz-May-07-2024"]
[Site "Chess.com"]
[Date "2024.05.07"]
[Round "10"]
[White "Seochesspie"]
[Black "sonicdravise"]
[Result "1/2-1/2"]
[WhiteElo "2834"]
[BlackElo "2641"]
[TimeControl "180+1"]
[EndTime "10:05:51 PDT"]
[Termination "Game drawn - insufficient material"]

1. e4 c6 2. d3 d5 3. Nd2 e5 4. Ngf3 Nd7 5. d4 exd4 6. Nxd4 Ngf6 7. exd5 Nxd5 8. Bc4 N7f6 9. O-O Be7 10. c3 O-O 11. Re1 Bg4 12. Qb3 Nb6 13. Bf1 c5 14. N4f3 Be6 15.
Qc2 h6 16. a4 Nbd5 17. a5 Qc7 18.
Nc4 Rfe8 19. Bd2 Bf8 20. a6 b6 21.
Na3 Qc8 22. Nb5 Nc7 23. Nxc7 Qxc7 24. Ne5 Bd6 25. Nf3 Bd5 26. Qd3 Be4 27. Qe2 Bxf3 28.
Qxf3 Bxh2+ 29. Kh1 Be5 30. Bb5 Red8 31. Be3 Rac8 32.
Rad1 Rxd1 33. Rxd1 Rd8 34. Rxd8+ Qxd8 35. g3 Qd5 36. Qxd5 Nxd5 37. Bd2 Nc7 38. Bd3 b5 39. Be3 c4 40. Be4 Nxa6 41. Bxa7 b4 42. Bb7 bxc3 43. bxc3 Nc7 44. Bb6 Nb5 45. Ba6 Nxc3 46. Bxc4 g6 47.
Kg2 Kg7 48. Be3 h5 49. Bd2 Ne4 50. Be3 Nd6 51. Bd5 Kf6 52. f4 Bc3 53. Kf3 Nf5 54. Bf2 Bd4 55. Be1 Nh6 56. Bc6 Ng4 57. Bd7 Nh6 58. Bc8 Nf5 59. g4 hxg4+ 60. Kxg4 Ne3+ 61. Kf3 Nf5 62. Bb7 Ne7 63. Be4 Ke6 64. Bh4 Nf5 65. Be1 Nd6 66. Bc2 Nf5 67. Bb3+ Ke7 68. Bb4+ Kf6 69. Ke4 Bb2 70. Bd2 Nd6+ 71. Kd5 Nf5 72.
Bc2 Ba1 73. Bd3 Bb2 74. Ba5 Ba1 75. Bd8+ Kg7 76. Bb6 Nh4 77. Bf2 Nf5 78. Kc4 Bb2 79. Kd5 Bc1 80. Ke4 Nd6+ 81. Kf3 Nf5 82. Bc5 Kf6 83. Bf2 Bd2 84. Ke4 Bc1 85. Bb1 Nd6+ 86. Kf3 Nf5 87. Ba2 Bb2 88. Bd5 Bd4 89. Be1 Ne7 90. Be4 Nc8 91. Bc2 Nd6 92. Bb4 Ke6 93. Bxd6 Kxd6 94. Bb3 Ke7 95. Ke4 Bg7 96. Kf3 Kf6 97. Bc4 Bf8 98. Bb3 Bd6 99. Bc4 Kg7 100. Bb3 f6 101. Bc4 Kf8 102. Bd3 Kg7 103. Bc2 Kh6 104.
Bd3 Kh5 105. Bc2 Kh6 106. Bd3 f5 107. Bc2 Kg7 108. Bb3 Kf6 109. Bc4 Bc7 110. Bb5 Bd8 111. Be8 Be7 112. Bb5 Ke6 113. Bc4+ Kf6 114. Bb3 Bf8 115. Bc4 Bh6 116. Bb3 Kg7 117. Bc4 Kf6 118. Bb3 Bxf4 119. Kxf4 g5+ 120. Kf3 Ke5 121. Bc2 g4+ 122. Kg3 Kf6 123. Kf4 g3 124. Kxg3 Kg5 125. Kf3 f4 126. Be4 Kf6 127. Kxf4 1/2-1/2

[Event "Early-Titled-Tuesday-Blitz-May-07-2024"]
[Site "Chess.com"]
[Date "2024.05.07"]
[Round "10"]
[White "littlepinkyboy"]
[Black "LLariMarc"]
[Result "1/2-1/2"]
[WhiteElo "2642"]
[BlackElo "2518"]
[TimeControl "180+1"]
[EndTime "10:06:55 PDT"]
[Termination "Game drawn - insufficient material"]

1. e4 e5 2. Nf3 Nc6 3. Bb5 a6 4.
Ba4 Nf6 5. O-O b5 6. Bb3 Be7 7.
Re1 d6 8. c3 O-O 9. h3 Nb8 10. d4 Nbd7 11. Nbd2 c5 12. Nf1 Bb7 13.
Ng3 Re8 14. d5 Bf8 15. a4 Qc7 16. Nh2 g6 17. Ng4 Nxg4 18. hxg4 c4 19. Bc2 Nc5 20. axb5 axb5 21. Rxa8 Rxa8 22. f4 exf4 23. Bxf4 Nd7 24. Rf1 Ne5 25. g5 Bg7 26. Ne2 b4 27. cxb4 Qb6+ 28.
Kh1 Qxb4 29. Nd4 Nd3 30. Bxd3 cxd3 31. Nc6 Qxe4 32. Bh2 Bxc6 33. dxc6 Qxc6 34. Qxd3 Bxb2 35. Qb3 Bg7 36. Qxf7+ Kh8 37. Qe6 Re8 38. Qg4 d5 39. Rd1 d4 40. Qf4 Qe6 41. Rf1 Rf8 42. Qc1 Rxf1+ 43.
Qxf1 Kg8 44. Bg1 Qf5 45. Qc4+ Qf7 46. Qc8+ Qf8 47. Qe6+ Kh8 48. Qd5 Qg8 49. Qe4 Qd8 50. Qg4 d3 51. Be3 d2 52. Qd1 Qd3 53. Qxd2 Qxd2 54.
Bxd2 Kg8 55. Kh2 Kf7 56. Kg3 Ke6 57. Kg4 Kd5 58. g3 Ke4 59. Bb4 Bd4 60. Be7 Bf2 61.
Bf6 Ke3 62. Be7 Ke4 63. Bd6 Be3 64. Bc7 Bd4 65. Bb8 Be5 66. Ba7 Kd3 67. Bf2 Ke2 68. Bc5 Kd3 69. Kf3 Kc4 70. Be7 Kd5 71. Bd8 Ke6 72. Kg4 Bd6 73. Bb6 Kd7 74. Bd4 Ke8 75. Kf3 Kf7 76. g4 Ke6 77. Ke4 Bg3 78. Be3 Be1 79. Bd4 Bd2 80. Bf2 Bxg5 81. Bd4 Bf6 82. Be3 Be7 83. Bd2 Bd6 84. Be3 Kf7 85. Kd5 Be7 86. Ke4 Bh4 87. Kf3 Kf6 88. Ke4 Bg5 89.
Bd4+ Ke6 90. Bg7 Bf6 91. Bh6 g5 92. Bf8 Kf7 93. Bc5 Kg6 94. Be3 Bg7 95. Kf3 h6 96. Bf2 Bf8 97. Ke4 Bd6 98. Be3 Kf6 99. Kd5 Bf4 100.
Bd4+ Kg6 101. Ke4 Kf7 102. Kf5 Bc1 103. Bc5 Kg7 104. Be7 Kh7 105. Bf6 Bf4 106. Bd4 Bc1 107. Kf6 Ba3 108. Kf7 Bb4 109. Bf6 Bd2 110. Bg7 Bf4 111. Bf6 Bd6 112. Ke6 Bc5 113. Kd5 Be3 114. Ke4 Bf4 115. Kf5 Be3 116. Be5 Bc1 117. Bg3 Bd2 118. Bf2 Bc3 119. Be3 Bg7 120. Bd2 Bh8 121. Bb4 Ba1 122. Bc5 Kg7 123. Bd6 Kf7 124. Bc5 Bf6 125. Be3 Bg7 126. Bd2 Bf8 127. Bc3 Bd6 128. Bd4 Bg3 129. Bc3 Bf2 130. Be5 Be3 131. Bc3 Bf4 132. Be1 Kg7 133. Ke4 Kg6 134. Bc3 h5 135. gxh5+ Kxh5 136.
Kf3 Kh4 137. Bf6 Kh3 138. Be7 Bc1 139. Bxg5 1/2-1/2

[Event "Early-Titled-Tuesday-Blitz-May-07-2024"]
[Site "Chess.com"]
[Date "2024.05.07"]
[Round "11"]
[White "ReinisUz"]
[Black "FaustinoOro"]
[Result "0-1"]
[WhiteElo "2455"]
[BlackElo "2846"]
[TimeControl "180+1"]
[EndTime "10:08:56 PDT"]
[Termination "FaustinoOro won by resignation"]

1. c4 Nf6 2. Nc3 e5 3. g3 Bb4 4. Bg2 O-O 5. Nf3 Re8 6. O-O Nc6 7. d3 h6 8. e4 d6 9. Be3 Bc5 10. Nd5 Bg4 11. Qd2 Bxf3 12. Bxf3 Nd4 13. Bg2 c6 14.
Nxf6+ Qxf6 15. b4 Bb6 16. a3 Nb3 0-1

[Event "Early-Titled-Tuesday-Blitz-May-07-2024"]
[Site "Chess.com"]
[Date "2024.05.07"]
[Round "11"]
[White "ravengelic"]
[Black "super_emi_26"]
[Result "1-0"]
[WhiteElo "2683"]
[BlackElo "2856"]
[TimeControl "180+1"]
[EndTime "10:09:40 PDT"]
[Termination "ravengelic won by resignation"]

1. d4 d6 2. Bf4 Nf6 3. e3 g6 4.
Nf3 Bg7 5. h3 O-O 6. Bc4 c5 7.
c3 b6 8. O-O Bb7 9. Nbd2 Nbd7 10. a4 Qc7 11. Qe2 a6 12. Bh2 Rfe8 13. Rfd1 Qc8 14.
Rac1 d5 15. Bd3 e6 16. Ne5 Nxe5 17. Bxe5 Nd7 18. Bxg7 Kxg7 19. e4 dxe4 20. Nxe4 Bxe4 21. Bxe4 Rb8 22. Bf3 Nf6 23. Qe5 cxd4 24. cxd4 Qd8 25. Rc7 Re7 26. Rxe7 Qxe7 27. Qxb8 1-0

[Event "Early-Titled-Tuesday-Blitz-May-07-2024"]
[Site "Chess.com"]
[Date "2024.05.07"]
[Round "11"]
[White "dianamirza"]
[Black "lluiss"]
[Result "0-1"]
[WhiteElo "1926"]
[BlackElo "2220"]
[TimeControl "180+1"]
[EndTime "10:09:46 PDT"]
[Termination "lluiss won by resignation"]

1. e4 c5 2. Nf3 d6 3. d4 cxd4 4. Nxd4 Nf6 5. Nc3 g6 6. Be3 Bg7 7. Qd2 Nc6 8. O-O-O Nxd4 9. Bxd4 Be6 10. Kb1 O-O 11.
h4 Qa5 12. Nd5 Qxd2 13. Rxd2 Nxe4 14. Nxe7+ Kh8 15. Bxg7+ Kxg7 16. Rd4 Nxf2 17. Rg1 Rfe8 18. Nd5 Bxd5 19. Rxd5 Re1+ 0-1

[Event "Early-Titled-Tuesday-Blitz-May-07-2024"]
[Site "Chess.com"]
[Date "2024.05.07"]
[Round "11"]
[White "DarZay"]
[Black "Journey_to_GrandMaster_YT"]
[Result "1/2-1/2"]
[WhiteElo "2343"]
[BlackElo "2503"]
[TimeControl "180+1"]
[EndTime "10:10:27 PDT"]
[Termination "Game drawn by repetition"]

1. e4 c5 2. Nf3 Nc6 3. d4 cxd4 4. Nxd4 e5 5. Nb5 d6 6. N1c3 a6 7. Na3 Nf6 8. Bg5 Be7 9. Bxf6 gxf6 10. Nd5 f5 11. Bc4 b5 12. Bb3 fxe4 13. Qh5 Be6 14. Nc7+ Qxc7 15. Bxe6 O-O 16. Bf5 Kg7 17. Qxh7+ Kf6 18. Qh6+ Kxf5 19. g4+ Kxg4 20. Rg1+ Kf5 21. Qh3+ Kf6 22. Qh6+ Kf5 23. Qh3+ Kf6 24. Qh6+ Kf5 1/2-1/2

[Event "Early-Titled-Tuesday-Blitz-May-07-2024"]
[Site "Chess.com"]
[Date "2024.05.07"]
[Round "11"]
[White "Kyrko_Gamba"]
[Black "Ati1517"]
[Result "1/2-1/2"]
[WhiteElo "2493"]
[BlackElo "2293"]
[TimeControl "180+1"]
[EndTime "10:10:30 PDT"]
[Termination "Game drawn by repetition"]

1. d4 Nf6 2. c4 g6 3. Nc3 Bg7 4. e4 d6 5. Be2 O-O 6. Be3 Nbd7 7.
f3 e5 8. d5 a5 9. g4 b6 10. h4 Nc5 11. h5 Qd7 12. Qd2 c6 13. Bh6 cxd5 14. Nxd5 Nxd5 15. Bxg7 Kxg7 16. hxg6 Nf4 17.
gxh7 Rh8 18. O-O-O Rxh7 19. Rxh7+ Kxh7 20. Qxd6 Qxd6 21. Rxd6 Be6 22. Rxb6 Nxe2+ 23. Nxe2 Bxc4 24. Ng3 Nd3+ 25. Kd2 Nb4 26. Nf5 Bxa2 27. Rh6+ Kg8 28.
Ne7+ Kg7 29. Nf5+ Kg8 30. Ne7+ Kg7 31. Nf5+ Kg8 1/2-1/2

[Event "Early-Titled-Tuesday-Blitz-May-07-2024"]
[Site "Chess.com"]
[Date "2024.05.07"]
[Round "11"]
[White "martinmena"]
[Black "NovakRatko"]
[Result "1-0"]
[WhiteElo "2153"]
[BlackElo "2400"]
[TimeControl "180+1"]
[EndTime "10:10:33 PDT"]
[Termination "martinmena won by resignation"]

1. c4 c6 2. d4 d5 3. Nf3 f6 4. Nc3 b6 5. g3 Bg4 6. Bg2 e6 7. h3 Bh5 8. cxd5 exd5 9. O-O Bd6 10. e4 Ne7 11. g4 Bf7 12. e5 fxe5 13. Nxe5 Bxe5 14.
dxe5 O-O 15. f4 d4 16. Ne4 Bc4 17. Rf2 c5 18. Nd6 Bd5 19. Bxd5+ Nxd5 20. Qb3 Qd7 21.
Qxd5+ 1-0

[Event "Early-Titled-Tuesday-Blitz-May-07-2024"]
[Site "Chess.com"]
[Date "2024.05.07"]
[Round "11"]
[White "toninhojit"]
[Black "thesupera12"]
[Result "1-0"]
[WhiteElo "2597"]
[BlackElo "2475"]
[TimeControl "180+1"]
[EndTime "10:10:44 PDT"]
[Termination "toninhojit won by resignation"]

1. d4 Nf6 2. c4 d5 3. cxd5 Qxd5 4.
Nc3 Qa5 5. Nf3 Bg4 6. e3 Nc6 7. Bb5 Bd7 8. O-O a6 9. Bc4 Qh5 10. Be2 Ng4 11. h3 Nh6 12. Ne5 Qf5 13.
Nxd7 Qxd7 14. d5 Ne5 15. e4 e6 16. Qb3 O-O-O 17. Rd1 exd5 18. Nxd5 Bd6 19. Bxh6 gxh6 20. f4 Nc6 21. Bg4 f5 22. Bxf5 1-0

[Event "Early-Titled-Tuesday-Blitz-May-07-2024"]
[Site "Chess.com"]
[Date "2024.05.07"]
[Round "11"]
[White "Puzzlebot_1294"]
[Black "OparinGrigoriy"]
[Result "0-1"]
[WhiteElo "2681"]
[BlackElo "2998"]
[TimeControl "180+1"]
[EndTime "10:11:01 PDT"]
[Termination "OparinGrigoriy won by resignation"]

1. d4 Nf6 2. Bf4 e6 3. e3 d5 4. Nf3 c5 5. c3 Nc6 6. Nbd2 cxd4 7.
exd4 Nh5 8. Be3 Bd6 9. Ne5 g6 10. Ndf3 f6 11. Nxc6 bxc6 12. Be2 O-O 13. O-O Ng7 14.
Qd2 e5 15. dxe5 fxe5 16. Bg5 Qc7 17. g3 Bh3 18. Rfe1 Rf7 19. Be3 Ne6 20. Ng5 Nxg5 21. Bxg5 Raf8 22. Be3 Rxf2 23. Bxf2 Rxf2 24. Kxf2 Bc5+ 25.
Qe3 Qf7+ 26. Bf3 e4 27. Ke2 Bxe3 28. Kxe3 Qxf3+ 0-1